 Dungeon Crawl Stone Soup version 0.28.0-49-g6dfe1f597d (webtiles) character file.

Game seed: 12997647754932858702

84 enile the Ducker (level 4, -3/66 HPs)
             Began as a Troll Wanderer on May 15, 2022.
             Slain by Grinder (6 damage)
             ... on level 2 of the Dungeon.
             The game lasted 00:02:46 (1277 turns).

enile the Ducker (Troll Wanderer)                   Turns: 1277, Time: 00:02:47

Health: -3/66      AC: 22    Str: 21    XL:     4   Next: 24%
Magic:  4/4        EV:  1    Int:  8    God:
Gold:   60         SH:  0    Dex: 10    Spells: 4/5 levels left

rFire   . . .      SeeInvis .     - Unarmed
rCold   . . .      Faith    .   (no shield)
rNeg    . . .      Spirit   .   (armour currently unavailable)
rPois   +          Reflect  .   (helmet currently unavailable)
rElec   .          Harm     .   (cloak currently unavailable)
rCorr   .          Rampage  .   (gloves unavailable)
Will    .....      NoTele   +   (boots unavailable)
Stlth   +.........              (no amulet)
HPRegen 1.01/turn               (no ring)
MPRegen 0.09/turn               (no ring)

@: brilliant, tree-form, attractive
A: stationary, stasis, torment immunity, boosted hp, large, unfitting armour,
(claws 3), regeneration 1, (shaggy fur 1), (tough skin 1)
a: no special abilities


You were on level 2 of the Dungeon.
You were a tree.
You visited 1 branch of the dungeon, and saw 3 of its levels.

You collected 60 gold pieces.

Inventory:

Hand Weapons
 a - a +2 short sword
Missiles
 e - 5 datura-tipped darts (quivered)
 h - 42 stones
Armour
 b - a +0 hat (melded)
 c - a +0 robe (melded)
Scrolls
 k - a scroll of immolation


   Skills:
 + Level 2.6 Fighting
 - Level 2.4 Short Blades
 - Level 3.4 Dodging
 - Level 2.0 Unarmed Combat
 - Level 1.0 Spellcasting
 - Level 1.0 Ice Magic


You had 4 spell levels left.
You knew the following spells:

 Your Spells              Type           Power      Damage    Failure   Level
a - Freeze                Ice            12%        1d4       26%         1

Your spell library contained the following spells:

 Spells                   Type           Power      Damage    Failure   Level
 Ozocubu's Armour         Ice            3%         N/A       61%         3


Dungeon Overview and Level Annotations

Branches:
Dungeon (3/15)

Altars:

Shops:
D:2 :

Annotations:
D:2 Grinder


Innate Abilities, Weirdness & Mutations

You are a tree.
Your roots penetrate the ground, keeping you stationary.
You cannot be teleported.
You are immune to unholy pain and torment.
Your maximum health is greatly increased.
Your equipment is partially melded.
You are too large for most types of armour.
((You have claws for hands.))
Your natural rate of healing is unusually fast.
((You are covered in fur. (AC +1)))
((You have tough skin. (AC +1)))


Message History

Grinder struggles against the net.
You scratch Grinder but do no damage.
Grinder struggles against the net.
You scratch Grinder but do no damage.
Grinder struggles against the net.
You scratch Grinder. You claw Grinder!
Grinder is moderately wounded.
Grinder blinks!
Throw: 6 darts (datura)
Press: ? - help, Q - select action, (/) - cycle Shift-Dir - straight line, f/p - Grinder
Aim: Grinder (moderately wounded, 52% to hit, chance to frenzy on hit: 3%)
You throw a datura-tipped dart. The datura-tipped dart hits Grinder.
Grinder flies into a frenzy!
Grinder is moderately wounded.
As you read the scroll labelled BUNOLE ATYUFFI, it crumbles to dust.
It is a scroll of identify.
k - a scroll of immolation You aren't carrying any items that you can evoke.
Unknown command.
It was a potion of curing.
You feel better. Grinder hits you!
You writhe in agony.
* * * LOW HITPOINT WARNING * * *
Sorry, you're not good enough to have a special ability.
Unknown command.
It was a potion of lignification.
You turn into a tree.
Your +0 hat melds into your body.
Your +0 robe melds into your body.
Your roots penetrate the ground.
Grinder hits you.
* * * LOW HITPOINT WARNING * * *
You writhe in agony.
* * * LOW HITPOINT WARNING * * *
You feel better. Grinder completely misses you.
Grinder hits you but does no damage.
It was a potion of attraction.
You feel attractive to monsters. Grinder hits you.
* * * LOW HITPOINT WARNING * * *
It was a potion of brilliance.
You feel clever all of a sudden. Grinder hits you but does no damage.
Grinder hits you!
* * * LOW HITPOINT WARNING * * *
You writhe in agony.
You die...

###.##########........# ##.#.
....###### ###.###### #..#.
#........# #..# ##.#.. #.)......#
#.## #####....# #.......(# ##.#
######.......## .........# ##..#
#......###..### ####.....#
#..####.######....... †..#.....#
##.####...(...........
...#.....###...>♣5.#######.##....
##†#..........############...<...
...#.......................######
...#...######..#########....#
####....##......## ####.)...#
...#÷##)##.####..###....).#######
...#..#.)#.# ##.##.....))####...
##.#..#.)..####..................
#..#.................######..#..#


You could see the neutral Grinder (fast, strong, insane).

Vanquished Creatures
  Robin (D:2)
  2 adders (D:2)
  A worm (D:2)
  3 ball pythons
  3 endoplasms
  A giant cockroach (D:2)
  10 hobgoblins
  3 kobolds
  2 quokkas
  4 bats
  3 frilled lizards
  12 goblins
  4 rats
49 creatures vanquished.

Notes
Turn   | Place    | Note
-------+----------+-------------------------------------------
     0 | D:1      | enile the Troll Wanderer began the quest for the Orb.
     0 | D:1      | enile set off with the following items: a +2 short sword, a
                  | +0 hat, a +0 robe; and the following spell memorised:
                  | Freeze; and the following spells available to memorise:
                  | Ozocubu's Armour
     0 | D:1      | Reached XP level 1. HP: 16/16 MP: 1/1
    43 | D:1      | Reached skill level 1 in Unarmed Combat
    54 | D:1      | Reached XP level 2. HP: 24/24 MP: 2/2
   666 | D:2      | Reached skill level 1 in Fighting
   666 | D:2      | Reached XP level 3. HP: 24/33 MP: 3/3
   737 | D:2      | Noticed Robin
   950 | D:2      | Found Tihyth's Book Shoppe.
  1081 | D:2      | Reached XP level 4. HP: 44/44 MP: 4/4
  1103 | D:2      | Killed Robin
  1246 | D:3      | Noticed Grinder
  1249 | D:3      | Paralysed by Grinder for 7 turns
  1277 | D:2      | HP: 3/66 [Grinder (12)]
  1277 | D:2      | Slain by Grinder

Illustrated notes

Levels and vault maps discovered:
D:1:      beargit_arrival_greenhouse, layout_basic
D:2:      minmay_angry_zag, layout_rooms, serial_shops, shop, uniq_robin
D:3:      layout_basic, chei_slow_surprise, uniq_grinder

Skill      XL: |  1  2  3 |
---------------+----------+-----
Unarmed Combat | 1 2 |  2.0
Fighting       | 1 2 |  2.6
Short Blades   | |  2.4
Dodging        | |  3.4
Spellcasting   | |  1.0
Ice Magic      | |  1.0

Action                   |  1- 3 |  4- 6 || total
-------------------------+-------+-------++-------
Melee: Unarmed           |   108 |    23 ||   131
       Punch             |     2 |     1 ||     3
Throw: Stone             |    12 |     1 ||    13
       Dart              |       |     1 ||     1
       Throwing net      |       |     1 ||     1
  Use: Potion            |       |     5 ||     5
       Scroll            |       |     1 ||     1
Armor: Robe              |    52 |     6 ||    58
       Skin              |       |     2 ||     2
Dodge: Dodged            |    50 |     7 ||    57
